 Dungeon Crawl Stone Soup version 0.29-a0-577-gafbf2c5d25 (webtiles) character file.

Game seed: 12402573146444700443

29 DocClef the Sneak (level 3, -1/33 HPs)
             Began as a Draconian Delver on June 13, 2022.
             Slain by a bullfrog (5 damage)
             ... on level 5 of the Dungeon.
             The game lasted 00:00:11 (92 turns).

DocClef the Sneak (Draconian Delver)                  Turns: 92, Time: 00:00:11

Health: -1/33      AC:  5    Str: 14    XL:     3   Next: 1%
Magic:  3/3        EV: 12    Int: 10    God:
Gold:   7          SH:  0    Dex: 14    Spells: 2/2 levels left

rFire   . . .      SeeInvis .   a - +0 short sword
rCold   . . .      Faith    .   (no shield)
rNeg    . . .      Spirit   .   (body armour unavailable)
rPois   .          Reflect  .   (helmet restricted)
rElec   .          Harm     .   (no cloak)
rCorr   .          Rampage  .   (no gloves)
Will    .....                   (no boots)
Stlth   +++.......              (no amulet)
HPRegen 0.11/turn               (no ring)
MPRegen 0.08/turn               (no ring)

@: no status effects
A: AC +5, unfitting armour, cold-blooded
a: no special abilities


You were on level 5 of the Dungeon.
You visited 1 branch of the dungeon, and saw 1 of its levels.

You collected 7 gold pieces.

Inventory:

Hand Weapons
 a - a +0 short sword (weapon)
Wands
 f - a wand of digging (3)
Scrolls
 b - a scroll of fog
 c - a scroll of magic mapping
 d - a scroll of fear
Potions
 e - a potion of haste


   Skills:
 + Level 3.6 Fighting
 + Level 2.4 Short Blades
 + Level 2.2 Dodging
 + Level 4.7 Stealth


You had 2 spell levels left.
You didn't know any spells.
Your spell library was empty.

Dungeon Overview and Level Annotations

Branches:
Dungeon (5/15)
 Temple: D:4-7

Altars:


Innate Abilities, Weirdness & Mutations

Your plain brown scales are hard. (AC +5)
You cannot fit into any form of body armour.
You are cold-blooded and may be slowed by cold attacks.


Message History

You hit the hound.
You kill the hound!
Your Dodging skill increases to level 2!
You have reached level 2!
You have reached level 3!
Your experience leads to an increase in your attributes!
Increase (S)trength, (I)ntelligence, or (D)exterity?
You feel agile. x2; Your scales feel tougher.
Unknown command.
HP restored.
You now have 7 gold pieces.
Found a ring mail.
A bullfrog comes into view.
Found a forked bronze wand.
A bullfrog is nearby!
A bullfrog is nearby!
Found a book of Conjurations.
A hound comes into view.
The bullfrog gives a loud, deep croak!
The hound barks!
The bullfrog hits you. The bullfrog barely misses you.
You hit the bullfrog.
The bullfrog is lightly wounded.
The bullfrog hits you. The bullfrog hits you.
The hound attacks as you move away! The hound bites you but does no damage.
The hound bites you. The hound attacks as you move away! The hound bites you.
The bullfrog hits you. The bullfrog attacks as you move away!
The bullfrog closely misses you. The hound attacks as you move away!
The hound closely misses you. The hound barely misses you.
The hound attacks as you move away! The hound closely misses you.
The bullfrog barely misses you. The bullfrog attacks as you move away!
The bullfrog hits you!
* * * LOW HITPOINT WARNING * * *
You closely miss the bullfrog. You tail-slap the bullfrog.
The bullfrog is moderately wounded.
The bullfrog barely misses you. The hound bites you.
* * * LOW HITPOINT WARNING * * *
The bullfrog hits you.
You die...

#./.....# #.......#
#.......# +.[.....+
#.......###.##
+............+
###+#............#
#...hF######......
#....@# ..... ##
#.....### .... .
#.......# ..# #.
#.......# ..
.#.##.######+#...# .
......†.## #.#...#
#.##.#..###.#...####
#..................#
...##.##..##.###......


You could see a bullfrog and a hound.

Vanquished Creatures
  A hound (D:5)
1 creature vanquished.

Notes
Turn   | Place    | Note
-------+----------+-------------------------------------------
     0 | D:5      | DocClef the Draconian Delver began the quest for the Orb.
     0 | D:5      | Reached XP level 1. HP: 19/19 MP: 1/1
     8 | D:5      | Noticed a hound
    21 | D:5      | Killed a hound
    22 | D:5      | Reached XP level 2. HP: 23/27 MP: 2/2
    22 | D:5      | Reached XP level 3. HP: 28/33 MP: 3/3
    79 | D:5      | Noticed a bullfrog
    92 | D:5      | Slain by a bullfrog

Illustrated notes

Levels and vault maps discovered:
D:5:      layout_basic, evilmike_ruin_ashenzari, bloody_makhleb,
          minmay_temple_entry_stoned_glass

Skill      XL: |  1 |
---------------+----+-----
Dodging        | 2 |  2.2
Fighting       | |  3.6
Short Blades   | |  2.4
Stealth        | |  4.7

Action                   || total
-------------------------++-------
Melee: Short sword       ||     9
       Tailslap          ||     1
 Stab: Sleeping          ||     1
Armor: Skin              ||     1
Dodge: Dodged            ||    15

Table legend: (Time is in decaauts)
 A = Elapsed time spent in this place.
 B = Non-inter-level travel time spent in this place.
 C = Inter-level travel time spent in this place.
 D = Time resting spent in this place.
 E = Time spent auto-exploring this place.
 F = Levels seen in this place.
 G = Mean time per level.
                   A        B        C        D        E       F      G
               +--------+--------+--------+--------+--------+-----+--------+
         Total |     91 |     91 |      0 |      0 |     64 |   1 |   91.0 |
       Dungeon |     91 |     91 |      0 |      0 |     64 |   1 |   91.0 |
               +--------+--------+--------+--------+--------+-----+--------+

Top non-repeatable levels by time:
     D:5: 91 daAuts
